 Dungeon Crawl Stone Soup version 0.26-a0-652-gafc20e3620 (webtiles) character file.

Game seed: 7071586783619117404

12940 grandjackal the Fighter (level 11, -5/89 HPs)
             Began as a Demonspawn Transmuter on Oct 2, 2020.
             Was a Believer of Kikubaaqudgha.
             Slain by Grum
             ... wielding a +1 spear
              (11 damage)
             ... on level 11 of the Dungeon.
             The game lasted 00:23:01 (14723 turns).

grandjackal the Fighter (Demonspawn Transmuter)    Turns: 14723, Time: 00:23:02

Health: -5/89      AC:  5    Str: 16    XL:     11   Next: 69%
Magic:  10/14      EV: 17    Int: 24    God:    Kikubaaqudgha [**....]
Gold:   607        SH:  0    Dex: 14    Spells: 1/14 levels left

rFire    . . .     SeeInvis .     - Unarmed
rCold    + + .     Faith    .   (shield currently unavailable)
rNeg     + . .     Spirit   .   H - +2 robe {rC+}
rPois    .         Reflect  .   (helmet restricted)
rElec    .         Harm     .   A - +0 cloak {Stlth+}
rCorr    .         Rampage  .   (gloves currently unavailable)
MR       .....                  (no boots)
Stlth    +.........             z - amulet of the acrobat
HPRegen  0.24/turn              m - +6 ring of intelligence
MPRegen  0.14/turn              k - +6 ring of strength

@: blade hands (expiring)
A: hooves 1, horns 1, cold resistance 1, negative energy resistance 1, powered
by pain 3, freezing cloud immunity
a: End Transformation, Receive Corpses, Renounce Religion


You were on level 11 of the Dungeon.
You worshipped Kikubaaqudgha.
Kikubaaqudgha was pleased with you.
You had blades for hands.
You visited 2 branches of the dungeon, and saw 12 of its levels.
You also visited: Ossuary.

You collected 763 gold pieces.
You spent 156 gold pieces at shops.

Inventory:

Missiles
 e - 4 curare-tipped darts (quivered)
 i - 33 poisoned darts
 G - a throwing net
Armour
 a - +0 steam dragon scales
 p - a +3 leather armour of fire resistance
 y - a +2 pair of gloves (melded)
 A - a +0 cloak of stealth (worn)
 H - a +2 robe of cold resistance (worn)
Magical Staves
 L - an uncursed staff of death {unknown}
Jewellery
 c - a cursed ring of teleportation {unknown}
 k - a +6 ring of strength (right scythe-like blade)
 m - a +6 ring of intelligence (left scythe-like blade)
 q - an uncursed ring of see invisible {unknown}
 t - a cursed +4 ring of evasion {unknown}
 w - an uncursed amulet of magic regeneration
 z - an amulet of the acrobat (around neck)
 B - an uncursed ring of protection from magic {unknown}
 E - an uncursed amulet of guardian spirit {unknown}
 J - an uncursed ring of positive energy {unknown}
 M - an uncursed ring of resist corrosion {unknown}
Wands
 b - a wand of flame (5)
 f - a wand of iceblast (3)
 x - a wand of random effects (30)
 I - a wand of disintegration (15)
Scrolls
 d - 3 scrolls of magic mapping
 g - 5 scrolls of amnesia
 h - 12 scrolls of remove curse
 j - 5 scrolls of teleportation
 n - 2 scrolls of enchant armour
 u - 2 scrolls of fog
 K - a scroll of blinking
 O - a scroll of identify
Potions
 l - 2 potions of mutation
 o - a potion of haste
 r - 6 potions of curing
 s - 4 potions of stabbing
 v - 2 potions of brilliance
 C - 2 potions of lignification
 D - a potion of flight
 F - a potion of ambrosia
 N - a potion of magic


   Skills:
 + Level 9.2 Fighting
 + Level 8.6 Dodging
 + Level 8.9 Unarmed Combat
 - Level 2.0 Spellcasting
 + Level 4.5 Necromancy
 - Level 7.5 Transmutations
 + Level 4.7 Ice Magic


You had one spell level left.
You knew the following spells:

 Your Spells              Type           Power        Failure   Level
a - Beastly Appendage     Tmut           #####.       12%         1
b - Spider Form           Tmut/Pois      ###.......   41%         3
c - Ice Form              Ice/Tmut       ####....     45%         4
d - Blade Hands           Tmut           #####.....   56%         5

Your spell library contained the following spells:

 Spells                   Type           Power        Failure   Level
 Animate Skeleton         Necr           ###...       21%         1
 Pain                     Necr           ###.         21%         1
 Summon Small Mammal      Summ           #...         50%         1
 Wereblood                Tmut           #####...     14%         2
 Sublimation of Blood     Necr           ###.......   24%         2
 Vampiric Draining        Necr           ###.......   34%         3
 Corpse Rot               Necr/Air       N/A          38%         2
 Call Imp                 Summ           #.......     61%         2
 Animate Dead             Necr           ###.......   61%         4
 Call Canine Familiar     Summ           #.......     77%         3
 Summon Guardian Golem    Hex/Summ       #.......     77%         3
 Summon Ice Beast         Ice/Summ       ##......     82%         4
 Agony                    Necr           ###.....     85%         5
 Summon Lightning Spire   Summ/Air       #.......     97%         4


Dungeon Overview and Level Annotations

Branches:
Dungeon (11/15)            Temple (1/1) D:7            Lair (0/6) D:9
    Orc (0/2) D:10        Ossuary (visited)

Altars:
Ashenzari
Cheibriados
Dithmenos
Elyvilon
Fedhas
Gozag
Hepliaklqana
Kikubaaqudgha
Makhleb
Nemelex Xobeh
Okawaru
Qazlal
Ru
Sif Muna
Trog
Uskayaw
Vehumet
Wu Jian
Xom
Yredelemnul
Zin
The Shining One

Shops:
D:4 *   D:8 (

Annotations:
D:11 Grum


Innate Abilities, Weirdness & Mutations

You have a pair of small horns on your head.
Your flesh is cold resistant. (rC+)
You resist negative energy. (rN+)
You are powered by pain.
You are immune to freezing clouds.
You have large cloven feet.


Message History

The red ugly thing pecks you.
You are engulfed in flames!
Grum hits you from afar with a +1 spear!!
* * * LOW HITPOINT WARNING * * *
You are too injured to fight recklessly!
You are too injured to fight recklessly!
Unknown command.
You are too injured to fight recklessly!
You slash the red ugly thing! Your kick misses the red ugly thing.
Your slash misses the red ugly thing.
The red ugly thing is severely wounded.
A wolf comes into view.
The red ugly thing pecks you but does no damage.
Grum hits you from afar with a +1 spear!!
* * * LOW HITPOINT WARNING * * *
You hit the red ugly thing.
The red ugly thing is severely wounded.
The red ugly thing closely misses you.
Grum hits you from afar with a +1 spear!
You die...
Kikubaaqudgha rasps: "You have failed me!
Welcome... death!" #### #gh

#u#
#@#
#.##
#..#
##.##
#..#
##.#
#.#
#.#
#.#


You could see a red ugly thing, Grum and a wolf.

Vanquished Creatures
  Josephine (D:11)
  Harold (D:8)
  2 two-headed ogres
  An ugly thing (D:9)
  Joseph (D:9)
  Psyche (D:8)
  A centaur skeleton (D:10)
  A komodo dragon (D:9)
  2 trolls
  Prince Ribbit (D:5)
  Sigmund (D:7)
  2 wyverns
  4 wraiths (D:11)
  Eustachio (D:5)
  3 yaks (D:9)
  2 steam dragons
  Edmund (D:7)
  2 insubstantial wisps
  2 orc warriors
  4 sky beasts
  4 black bears
  3 ice beasts
  2 phantoms
  A necrophage (D:7)
  5 ogres
  A wolf (D:11)
  4 centaurs
  2 big kobolds (D:7)
  2 elf zombies (Ossuary)
  6 bullfrogs
  A water moccasin skeleton (D:7)
  3 scorpions
  11 killer bees
  13 wights
  5 centaur zombies
  4 howler monkeys (D:10)
  3 hounds
  A quasit (D:7)
  4 orc priests
  A bullfrog zombie (D:8)
  3 jellies
  Crazy Yiuf (D:2)
  7 orc wizards
  Jessica (D:2)
  2 iguanas (D:7)
  Natasha (thrice) (D:3)
  4 worker ants
  A killer bee zombie (D:6)
  A big kobold zombie (Ossuary)
  3 hound zombies (Ossuary)
  A hound skeleton (D:8)
  3 mummies (Ossuary)
  A worker ant zombie (D:8)
  4 gnolls (D:6)
  2 howler monkey skeletons
  11 adders
  2 shadow imps (D:5)
  8 white imps
  3 ufetubi
  5 adder zombies
  An adder skeleton (D:6)
  4 worms
  A dart slug (D:1)
  4 leopard geckos
  30 orcs
  A ball python (D:3)
  2 giant cockroaches (D:6)
  2 gnoll zombies (Ossuary)
  7 goblins
  7 hobgoblins
  15 jackals
  2 quokkas
  7 bats
  2 frilled lizards
  3 goblin zombies (Ossuary)
  4 hobgoblin zombies (Ossuary)
  2 jackal zombies (Ossuary)
  13 kobolds
  3 kobold zombies (Ossuary)
  2 leopard gecko skeletons
  3 quokka zombies
  5 rats
  4 rat zombies (Ossuary)
300 creatures vanquished.

Vanquished Creatures (others)
  3 plants
3 creatures vanquished.

Grand Total: 303 creatures vanquished

Notes
Turn   | Place    | Note
-------+----------+-------------------------------------------
     0 | D:1      | grandjackal the Demonspawn Transmuter began the quest for
                  | the Orb.
     0 | D:1      | Reached XP level 1. HP: 15/15 MP: 3/3
   299 | D:1      | Mutation became permanent: You have a pair of small horns
                  | on your head. [demonic ancestry]
   299 | D:1      | Gained mutation: You have a pair of horns on your head.
                  | [demonic ancestry]
   299 | D:1      | Reached XP level 2. HP: 20/21 MP: 3/5
  1093 | D:2      | Reached XP level 3. HP: 7/27 MP: 4/6
  1215 | D:2      | Noticed Jessica
  1222 | D:2      | Killed Jessica
  1222 | D:2      | Reached skill level 2 in Fighting
  1225 | D:2      | Found a radiant altar of Vehumet.
  1374 | D:2      | Learned a level 3 spell: Spider Form
  1392 | D:2      | Noticed a centaur
  1407 | D:2      | Killed a centaur
  1407 | D:2      | Gained mutation: Your flesh is cold resistant. (rC+)
                  | [demonic ancestry]
  1407 | D:2      | Reached XP level 4. HP: 10/34 MP: 4/7
  1407 | D:2      | Gained mutation: You are immune to freezing clouds.
                  | [demonic ancestry]
  1407 | D:2      | Reached XP level 5. HP: 11/39 MP: 4/8
  1630 | D:1      | Learned a level 4 spell: Ice Form
  1960 | D:2      | Found a runed translucent door.
  1961 | D:2      | Noticed Crazy Yiuf
  2250 | D:2      | Found an iron altar of Okawaru.
  2517 | D:2      | Killed Crazy Yiuf
  2918 | D:3      | Reached skill level 3 in Fighting
  2981 | D:3      | Noticed Natasha
  2987 | D:3      | Killed Natasha
  2987 | D:3      | Gained mutation: You sometimes gain a little power by
                  | taking damage. [demonic ancestry]
  2987 | D:3      | Reached XP level 6. HP: 41/47 MP: 5/9
  3002 | D:3      | Noticed Natasha
  3011 | D:3      | Killed Natasha
  3158 | D:2      | Found a blossoming altar of Fedhas.
  3424 | D:3      | Noticed Natasha
  3438 | D:3      | Killed Natasha
  3892 | D:4      | Found Ruduthrodo's General Store.
  3899 | D:4      | Bought a potion of haste for 120 gold pieces
  3899 | D:4      | Bought a scroll of remove curse for 36 gold pieces
  4123 | D:4      | Gained mutation: You sometimes gain power by taking damage.
                  | [demonic ancestry]
  4123 | D:4      | Reached XP level 7. HP: 53/53 MP: 6/10
  4882 | D:5      | Entered Level 5 of the Dungeon
  4999 | D:5      | Reached skill level 4 in Fighting
  5354 | D:5      | Noticed Eustachio
  5369 | D:5      | Noticed Prince Ribbit
  5372 | D:5      | Killed Eustachio
  5372 | D:5      | Reached skill level 5 in Unarmed Combat
  5372 | D:5      | Gained mutation: You are powered by pain. [demonic
                  | ancestry]
  5372 | D:5      | Reached XP level 8. HP: 58/61 MP: 8/11
  5395 | D:5      | Killed Prince Ribbit
  5407 | D:5      | Reached skill level 5 in Fighting
  5752 | D:6      | Reached skill level 5 in Dodging
  5752 | D:6      | Reached skill level 5 in Transmutations
  6253 | D:6      | Found an opulent altar of Gozag.
  6563 | D:6      | Reached XP level 9. HP: 54/69 MP: 8/12
  6796 | D:6      | Reached skill level 6 in Fighting
  7249 | D:7      | Found a staircase to the Ecumenical Temple.
  7519 | D:7      | Found a sand-covered staircase.
  7530 | Ossuary  | Entered an ossuary
  8691 | D:7      | Reached skill level 7 in Fighting
  8865 | D:7      | Noticed Sigmund
  8877 | D:7      | Killed Sigmund
  8904 | D:7      | Noticed Edmund
  8934 | D:7      | Killed Edmund
  9305 | D:8      | Reached XP level 10. HP: 78/78 MP: 13/13
  9731 | D:8      | Learned a level 5 spell: Blade Hands
  9752 | D:8      | Found a sparkling altar of Nemelex Xobeh.
  9776 | D:8      | Found Uveagobb's Antique Weapon Shop.
  9851 | Temple   | Entered the Ecumenical Temple
 10094 | Temple   | Became a worshipper of Kikubaaqudgha
 10142 | D:8      | Noticed a two-headed ogre
 10274 | D:8      | Noticed Harold
 10285 | D:8      | Gained mutation: You have large cloven feet. [mutagenic
                  | glow]
 10286 | D:8      | Killed Harold
 10286 | D:8      | Reached skill level 1 in Ice Magic
 10311 | D:8      | Killed a two-headed ogre
 10466 | D:8      | Noticed Psyche
 10471 | D:8      | Reached skill level 8 in Fighting
 10483 | D:8      | Killed Psyche
 10657 | D:8      | Reached * piety under Kikubaaqudgha
 10657 | D:8      | Identified Kikubaaqudgha's Collected Works on Evil Rituals
                  | (Kikubaaqudgha gifted it to you on level 8 of the Dungeon)
 10657 | D:8      | Received a gift from Kikubaaqudgha
 10993 | D:9      | Noticed a two-headed ogre
 10995 | D:9      | Noticed a cyan ugly thing
 11019 | D:9      | Killed a two-headed ogre
 11019 | D:9      | Reached skill level 1 in Necromancy
 11025 | D:9      | HP: 3/79 [cyan ugly thing (16)]
 11028 | D:9      | Killed a cyan ugly thing
 11313 | D:9      | Gained mutation: You resist negative energy. (rN+) [demonic
                  | ancestry]
 11313 | D:9      | Reached XP level 11. HP: 66/87 MP: 14/14
 11599 | D:9      | Found a staircase to the Lair.
 12545 | D:9      | Noticed Joseph
 12563 | D:9      | Killed Joseph
 13152 | D:10     | Entered Level 10 of the Dungeon
 13404 | D:10     | Reached ** piety under Kikubaaqudgha
 13839 | D:10     | Found a staircase to the Orcish Mines.
 14105 | D:11     | Noticed Josephine
 14319 | D:11     | Reached skill level 9 in Fighting
 14371 | D:11     | Killed Josephine
 14651 | D:11     | Noticed a sixfirhy
 14714 | D:11     | Noticed Grum
 14717 | D:11     | Noticed a red ugly thing
 14723 | D:11     | Slain by Grum

Illustrated notes

Levels and vault maps discovered:
D:1:      co_arrival_random_square_maze, layout_basic, wad_floor_pattern_1,
          minmay_misc_feat_secret_circle
D:2:      layout_loops_ring, old_standard_altar, nicolae_overflow_hidden_temple,
          uniq_crazy_yiuf_cottage, uniq_jessica
D:3:      layout_basic, serial_co_window_serial, co_window_of_opportunity_a,
          co_window_paths_b, co_window_corner_a, co_window_corner_a,
          co_window_paths_b, co_window_of_opportunity_b, co_window_corner_cb,
          co_window_of_opportunity_b, co_window_4corner_b, glass_columns_b,
          glass_columns_b, glass_columns_b, glass_columns_b, glass_columns_c,
          uniq_natasha
D:4:      minmay_razor_zed, layout_loops_cross, serial_shops, shop,
          minmay_manual_mess
D:5:      layout_loops_cross, grunt_ministairs_1, uniq_eustachio,
          uniq_prince_ribbit1
D:6:      layout_loops_ring, minmay_ruined_shrine
D:7:      layout_loops_ring, minmay_temple_entry_antechambers,
          nicolae_ossuary_entry_plus, sigmund_edmund_badplayer
D:8:      layout_cave_pools, nemelex_xobeh_ov_fountains_minmay, serial_shops,
          nicolae_shop_behind_doors, serial_park_tiny_pond, lemuel_old_faithful,
          uniq_harold, uniq_psyche
D:9:      layout_basic, david_lair_shrubbed, small_statue_intersection,
          hangedman_misty_isle, uniq_joseph
D:10:     layout_loops_ring, orc_0_dummy, minmay_misc_feat_ornament
D:11:     minmay_blocky_corners, layout_rooms, uniq_grum, uniq_josephine
Temple:   eino_narrow_crystal_temple

Skill      XL: |  1  2  3  4  5  6  7  8  9 10 11 |
---------------+----------------------------------+-----
Transmutations | 2 3 4 5 6 7 |  7.5
Dodging        | 2 3 4 5 6 7 8 |  8.6
Unarmed Combat | 3 4 5 6 7 8 |  8.9
Fighting       | 2 3 4 5 7 8 9 |  9.2
Ice Magic      | 3 4 |  4.7
Necromancy     | 1 4 |  4.5
Spellcasting   | |  2.0

Action                   |  1- 3 |  4- 6 |  7- 9 | 10-12 || total
-------------------------+-------+-------+-------+-------++-------
Melee: Unarmed           |    91 |   128 |   509 |   323 ||  1051
       Headbutt          |    10 |    18 |    59 |    27 ||   114
       Kick              |     7 |     8 |    11 |    45 ||    71
       Punch             |     2 |     1 |    10 |     4 ||    17
Throw: Dart              |       |       |       |     4 ||     4
 Cast: Beastly Appendage |     6 |     9 |     3 |       ||    18
       Spider Form       |     1 |     9 |    17 |     8 ||    35
       Ice Form          |       |       |     7 |     8 ||    15
       Blade Hands       |       |       |       |    10 ||    10
Evoke: Wand              |       |       |       |     4 ||     4
  Use: Potion            |     1 |       |       |     2 ||     3
       Scroll            |       |       |    13 |     8 ||    21
 Stab: Sleeping          |       |     1 |     3 |       ||     4
Armor: Robe              |    23 |    19 |    62 |    26 ||   130
       Skin              |       |       |    25 |    29 ||    54
Dodge: Dodged            |    63 |   100 |   370 |   317 ||   850

Table legend: (Time is in decaauts)
 A = Elapsed time spent in this place.
 B = Non-inter-level travel time spent in this place.
 C = Inter-level travel time spent in this place.
 D = Time resting spent in this place.
 E = Time spent auto-exploring this place.
 F = Levels seen in this place.
 G = Mean time per level.
                   A        B        C        D        E       F      G
               +--------+--------+--------+--------+--------+-----+--------+
         Total |  14618 |  14106 |    512 |   4535 |   6816 |  13 | 1124.5 |
       Dungeon |  13347 |  12870 |    477 |   4052 |   6310 |  11 | 1213.4 |
        Temple |    258 |    223 |     35 |      0 |    202 |   1 |  258.0 |
       Ossuary |   1011 |   1011 |      0 |    483 |    304 |   1 | 1011.0 |
               +--------+--------+--------+--------+--------+-----+--------+

Top non-repeatable levels by time:
     D:9: 1921 daAuts
     D:7: 1522 daAuts
     D:4: 1359 daAuts
     D:2: 1336 daAuts
     D:1: 1283 daAuts
     D:8: 1279 daAuts
    D:10: 1150 daAuts
     D:6: 1142 daAuts
     D:5: 1036 daAuts
 Ossuary: 1011 daAuts
     D:3: 896 daAuts
    D:11: 419 daAuts
  Temple: 258 daAuts
